[Event "Titled Tuesday Blitz November 08 Early 2022"]
[White "Sharifov, Mekhriddin"]
[Black "Bon, Michael"]
[WhiteFideId "14701545"]
[BlackFideId "620696"]
[WhiteElo "2109"]
[BlackElo "2301"]
[Result "0-1"]
[Round "03"]
[TimeControl "180+1"]
[Date "2022.11.09"]
[WhiteClock "0:00:01"]
[BlackClock "0:00:07"]

1. e4 c5 2. Nf3 d6 3. d4 cxd4 4. Nxd4 Nf6 5. Nc3 Nc6 6. Bc4 Qb6 7. Nb3 e6 8. Be3 Qc7 9. Be2 a6 10. a4 b6 11. O-O Be7 12. f4 Bb7 13. Bf3 O-O 14. Qe1 Rfe8 15. g4 Rab8 16. g5 Nd7 17. Bg2 Na5 18. Rd1 Nc4 19. Bc1 Ba8 20. Qh4 b5 21. axb5 axb5 22. Rd3 b4 23. Rh3 Nf8 24. Nd1 d5 25. exd5 Bxd5 26. Bxd5 exd5 27. Kh1 Bd6 28. Qf2 Re4 29. f5 Rbe8 30. Ne3 Qc6 31. Ng2 Re2 32. Qf3 Bc5 33. Nf4 Re1 34. Bd2 Rxf1+ 35. Qxf1 Nxd2 36. Nxd2 Be3 37. Nb3 Qxc2 38. Na1 Qxb2 39. Nxd5 Bd4 40. Nb3 Bc3 41. f6 Qxb3 42. fxg7 Qxd5+ 0-1


[Site "https://www.chess.com"]

[Event "Titled Tuesday Blitz November 08 Early 2022"]
[White "Shohat, Yotam"]
[Black "Kim, Sergey"]
[WhiteFideId "2813955"]
[BlackFideId "13700570"]
[WhiteElo "2216"]
[BlackElo "2609"]
[Result "0-1"]
[Round "03"]
[TimeControl "180+1"]
[Date "2022.11.09"]
[WhiteClock "0:00:01"]
[BlackClock "0:00:26"]

1. e4 e5 2. f4 Bc5 3. Nf3 d6 4. Nc3 Nc6 5. Na4 Bb6 6. Nxb6 axb6 7. Bb5 Bd7 8. d3 Nge7 9. O-O O-O 10. f5 f6 11. g4 Na5 12. a4 c6 13. Bc4+ Nxc4 14. dxc4 d5 15. cxd5 cxd5 16. exd5 Rxa4 17. Rxa4 Bxa4 18. b3 Be8 19. Ba3 Rf7 20. c4 h5 21. h3 b5 22. Nd2 Qb6+ 23. Kg2 Nc6 24. Ne4 Nd4 25. Bc5 Qa6 26. Bxd4 exd4 27. Qxd4 Qa2+ 28. Rf2 Qxb3 29. c5 Re7 30. g5 Qc4 31. Qxc4 bxc4 32. Kf3 fxg5 33. Rc2 Bb5 34. d6 Re5 35. Ke3 Rxf5 36. Kd4 Rf4 37. Ke5 Rf8 38. Nc3 Bc6 39. Kd4 Rf4+ 40. Ke5 Kf7 41. Nd5 Rf1 42. Rxc4 Re1+ 43. Kf5 Bxd5 44. Rd4 Be6+ 45. Kxg5 Bd7 46. Kxh5 Re5+ 47. Kh4 Rxc5 48. Re4 Be6 49. Rb4 b5 50. Kg3 Rd5 51. Kf4 Bd7 52. h4 Rxd6 53. Ke5 Re6+ 54. Kd5 Rf6 55. Kc5 Rf5+ 56. Kb6 Be8 57. Rd4 Rf6+ 58. Kc5 Re6 59. Rf4+ Rf6 60. Rg4 g6 61. Rd4 Rf5+ 62. Kb4 Bc6 63. Rd6 Be8 64. Rd4 Ke7 65. Rd3 Bf7 66. Re3+ Kf6 67. Rc3 Bc4 68. Re3 Rf4 69. Rh3 Bf1+ 0-1


[Site "https://www.chess.com"]

[Event "Titled Tuesday Blitz November 08 Early 2022"]
[White "Shuvalova, Polina"]
[Black "Rakhmanov, Aleksandr"]
[WhiteFideId "24171760"]
[BlackFideId "4173708"]
[WhiteElo "2342"]
[BlackElo "2530"]
[Result "0-1"]
[Round "03"]
[TimeControl "180+1"]
[Date "2022.11.09"]
[WhiteClock "0:00:03"]
[BlackClock "0:00:06"]

1. d4 Nf6 2. Nf3 g6 3. Nbd2 d5 4. b4 Bg7 5. e3 a5 6. b5 c5 7. bxc6 Nxc6 8. Be2 O-O 9. O-O Bf5 10. c3 Ne4 11. Nxe4 Bxe4 12. a4 e5 13. Ba3 Re8 14. Qb3 Rb8 15. Rfd1 h5 16. Rac1 h4 17. h3 Bf6 18. Bc5 Kg7 19. Bb6 Qe7 20. c4 dxc4 21. Qxc4 exd4 22. Nxd4 Nxd4 23. Bxd4 Bc6 24. Qc3 Bxa4 25. Rd2 Bc6 26. Qxa5 Ra8 27. Qc3 Ra4 28. Rcd1 Rea8 29. Bg4 Ra3 30. Qb2 R3a4 31. Qc3 Ra3 32. Qb2 R8a4 33. Qc1 Ra2 34. Rxa2 Rxa2 35. Qc3 Ra4 36. Bxf6+ Qxf6 37. Qxf6+ Kxf6 38. Rb1 Ke5 39. Bf3 Ra7 40. Bxc6 bxc6 41. Rc1 Rc7 42. f3 c5 43. Rc4 g5 44. Kf2 Kd5 45. Rc2 c4 46. Ke2 f5 47. Rd2+ Kc5 48. e4 fxe4 49. fxe4 Kb4 50. Rd5 Rc5 51. Rd8 c3 52. Kd1 Kc4 53. Kc2 Ra5 54. Rc8+ Kd4 55. e5 Rxe5 56. Rd8+ Ke3 57. Kxc3 Kf2 58. Rd2+ Re2 59. Rd5 Re3+ 60. Kd2 Rg3 61. Rf5+ Kxg2 62. Ke1 Kxh3 63. Kf2 Kg4 64. Rf8 h3 65. Ra8 Rf3+ 66. Kg1 Rf4 67. Kh2 Rf2+ 68. Kg1 Re2 69. Kh1 Kf3 70. Ra3+ Re3 71. Ra2 g4 72. Ra4 Re1+ 73. Kh2 g3+ 74. Kxh3 Rh1# 0-1


[Site "https://www.chess.com"]

[Event "Titled Tuesday Blitz November 08 Early 2022"]
[White "Sihlongonyane, Sikhanyiso"]
[Black "Golubev, Mikhail"]
[WhiteFideId "20700784"]
[BlackFideId "14100983"]
[WhiteElo "1574"]
[BlackElo "2374"]
[Result "0-1"]
[Round "03"]
[TimeControl "180+1"]
[Date "2022.11.09"]
[WhiteClock "0:00:01"]
[BlackClock "0:00:11"]

1. e4 b6 2. Nc3 Bb7 3. Bc4 e6 4. Nf3 Bb4 5. d3 d5 6. exd5 exd5 7. Bb3 Qe7+ 8. Be3 Nf6 9. O-O O-O 10. Bg5 Bxc3 11. bxc3 Qd6 12. Re1 Nbd7 13. Nd4 Rfe8 14. Nf5 Qc5 15. Qd2 a5 16. d4 Qf8 17. a4 Ne4 18. Qe3 f6 19. Bf4 Rac8 20. f3 Ng5 21. Qd2 Ne6 22. Bg3 g6 23. Nh6+ Kg7 24. Ng4 c5 25. dxc5 Ndxc5 0-1


[Site "https://www.chess.com"]

[Event "Titled Tuesday Blitz November 08 Early 2022"]
[White "Starosta, Martyna"]
[Black "Sourath Biswas"]
[WhiteFideId "21818754"]
[BlackFideId "35091484"]
[WhiteElo "1825"]
[BlackElo "2164"]
[Result "1-0"]
[Round "03"]
[TimeControl "180+1"]
[Date "2022.11.09"]
[WhiteClock "0:01:23"]
[BlackClock "0:00:17"]

1. e4 c6 2. d4 d5 3. Nc3 dxe4 4. Nxe4 Nf6 5. Nxf6+ exf6 6. c3 Bd6 7. Bd3 O-O 8. Qc2 Re8+ 9. Ne2 h5 10. O-O Nd7 11. Bd2 Nf8 12. Rae1 Qc7 13. h3 Be6 14. f4 Qb6 15. c4 Bb4 16. Bxb4 Qxb4 17. a3 Qd6 18. f5 Bd7 19. Qc3 Re3 20. c5 Qe7 21. Nf4 Re8 22. Kf2 g5 23. fxg6 fxg6 24. Qd2 Rxe1 25. Rxe1 Qxe1+ 26. Qxe1 Rxe1 27. Kxe1 Kf7 28. b4 h4 29. Bc4+ Ne6 30. d5 cxd5 31. Bxd5 b6 32. c6 Bc8 33. c7 Ke7 34. Bxe6 Bxe6 35. Nxe6 Kd7 36. Nf8+ Kxc7 37. Nxg6 Kc6 38. Kd2 Kb5 39. Kc3 Ka4 40. Kb2 a5 41. bxa5 bxa5 42. Nxh4 Kb5 43. Nf3 Kc5 44. Kc3 Kd5 45. Kd3 Ke6 46. g4 f5 47. Kd4 Kf6 48. Ke3 Kg6 49. Kf4 fxg4 50. hxg4 Kf6 51. g5+ Kg6 52. Ne5+ 1-0


[Site "https://www.chess.com"]

[Event "Titled Tuesday Blitz November 08 Early 2022"]
[White "Storey, Charles H"]
[Black "Al-Tarboush, Ward"]
[WhiteFideId "406686"]
[BlackFideId "7601450"]
[WhiteElo "2252"]
[BlackElo "2273"]
[Result "1/2-1/2"]
[Round "03"]
[TimeControl "180+1"]
[Date "2022.11.09"]
[WhiteClock "0:00:07"]
[BlackClock "0:00:12"]

1. c4 c5 2. g3 Nc6 3. Bg2 g6 4. Nc3 Bg7 5. Rb1 a6 6. a3 Rb8 7. b4 cxb4 8. axb4 b5 9. cxb5 axb5 10. Nf3 d5 11. O-O Bf5 12. Rb3 d4 13. Nb1 Be6 14. Rb2 d3 15. Ng5 Bd5 16. e4 Bc4 17. Nc3 Nd4 18. f4 Ne2+ 19. Kh1 Nxc3 20. dxc3 Bxc3 21. e5 d2 22. Rxd2 Bxd2 23. Bxd2 Bxf1 24. Bxf1 Nh6 25. Qe2 O-O 26. Be3 Nf5 27. Bc5 Qd5+ 28. Bg2 Qc4 29. Qxc4 bxc4 30. g4 c3 31. Be4 Nh6 32. Bxe7 Rfc8 33. Bd6 Rb5 34. h3 c2 35. Bxc2 Rxc2 36. Ne4 Rd5 37. Nf6+ Kh8 38. Nxd5 Rc1+ 39. Kg2 Rb1 40. Kf3 Ng8 41. Ke4 Kg7 42. Kd4 f6 43. exf6+ Kf7 44. Be7 Ke6 45. Nc7+ Kf7 46. Nd5 h5 47. f5 gxf5 48. gxf5 Nh6 49. Ke5 Re1+ 50. Kd6 Nxf5+ 51. Kd7 Rd1 52. Kc6 Nd4+ 53. Kb6 Ne6 54. Nc7 Nxc7 55. Kxc7 Rh1 56. b5 Rxh3 57. b6 Rc3+ 58. Kd7 Rb3 59. Kc6 h4 60. b7 h3 61. Bd6 Rc3+ 62. Kd7 Rb3 63. b8=Q Rxb8 64. Bxb8 Kxf6 65. Bh2 Kf5 66. Kd6 Ke4 67. Ke6 Kf3 68. Kf6 Kg2 69. Bd6 h2 70. Bxh2 1/2-1/2


[Site "https://www.chess.com"]

[Event "Titled Tuesday Blitz November 08 Early 2022"]
[White "Taboas Rodriguez, Daniel"]
[Black "Biastoch, Bennet"]
[WhiteFideId "2208466"]
[BlackFideId "12939889"]
[WhiteElo "2329"]
[BlackElo "2221"]
[Result "0-1"]
[Round "03"]
[TimeControl "180+1"]
[Date "2022.11.09"]
[WhiteClock "0:00:02"]
[BlackClock "0:00:50"]

1. d4 d5 2. c4 e6 3. Nc3 c6 4. e4 dxe4 5. Nxe4 Bb4+ 6. Nc3 Nf6 7. Nf3 O-O 8. Bd3 c5 9. O-O h6 10. dxc5 Bxc5 11. Qe2 b6 12. Ne4 Nbd7 13. Rd1 Qc7 14. a3 Bb7 15. Nxc5 Nxc5 16. Bc2 Rac8 17. Be3 Nce4 18. Bd3 Nc5 19. Bc2 Nce4 20. Bd3 Rfd8 21. Rac1 Nc5 22. Bb1 Rxd1+ 23. Rxd1 Nce4 24. Rc1 Rd8 25. h3 Qd6 26. b4 a5 27. c5 bxc5 28. bxc5 Qd5 29. Ba2 Qc6 30. Ne5 Qc7 31. c6 Qxe5 32. cxb7 Rb8 33. Rc8+ Kh7 34. Qa6 Qa1+ 35. Bc1 Qxa2 36. Rxb8 Qxf2+ 37. Kh1 Qe1+ 38. Kh2 Qg3+ 39. Kg1 Qxb8 40. Be3 Nd6 41. Bf4 Nfe8 42. Bxd6 Nxd6 43. Qc6 Nxb7 44. Qb6 Qc8 45. Qb1+ g6 46. a4 Qc5+ 47. Kh1 Nd6 48. Qf1 Nf5 49. Qa6 Qc1+ 50. Kh2 Qf4+ 51. Kh1 Ng3+ 52. Kg1 Qe3+ 53. Kh2 Ne2 54. h4 Qg3+ 55. Kh1 Qxh4# 0-1


[Site "https://www.chess.com"]

[Event "Titled Tuesday Blitz November 08 Early 2022"]
[White "Tari, Aryan"]
[Black "De Silva, L M S T"]
[WhiteFideId "1510045"]
[BlackFideId "9953698"]
[WhiteElo "2612"]
[BlackElo "2416"]
[Result "1-0"]
[Round "03"]
[TimeControl "180+1"]
[Date "2022.11.08"]
[WhiteClock "0:00:31"]
[BlackClock "0:00:18"]

1. Nf3 Nf6 2. c4 e6 3. Nc3 d5 4. e3 c5 5. d4 Nc6 6. cxd5 Nxd5 7. Bd3 cxd4 8. exd4 Nxc3 9. bxc3 Bd6 10. Qe2 Ne7 11. O-O Ng6 12. Ng5 Nf4 13. Bb5+ Bd7 14. Bxf4 Bxf4 15. Nxe6 fxe6 16. Qxe6+ Qe7 17. Bxd7+ Kd8 18. Qg4 Bxh2+ 19. Kxh2 Qxd7 20. Qh5 Rc8 21. Rae1 Rxc3 22. Qh4+ Kc8 23. Re7 Qd6+ 24. Kg1 Rc7 25. Qg4+ Kb8 26. Rxg7 Rd8 27. Rxc7 Qxc7 28. Re1 a6 29. a4 Ka7 30. Rb1 Rd5 31. Qe4 Qd7 32. g3 h5 33. Kh2 h4 34. gxh4 Rxd4 35. Rxb7+ Ka8 36. Rxd7+ Rxe4 37. Kg3 Rxa4 38. h5 Ra1 39. f4 Kb8 40. h6 Rg1+ 41. Kf2 Rg8 42. h7 Rh8 43. Rg7 1-0


[Site "https://www.chess.com"]

[Event "Titled Tuesday Blitz November 08 Early 2022"]
[White "Tate, Alan"]
[Black "Fiedorek, Michal"]
[WhiteFideId "2401878"]
[BlackFideId "1199528"]
[WhiteElo "2179"]
[BlackElo "2201"]
[Result "0-1"]
[Round "03"]
[TimeControl "180+1"]
[Date "2022.11.09"]
[WhiteClock "0:00:01"]
[BlackClock "0:00:04"]

1. e4 c6 2. d4 d5 3. e5 Bf5 4. h4 h5 5. Bd3 Bxd3 6. Qxd3 e6 7. Bg5 Qa5+ 8. Nd2 Qa6 9. c4 Nd7 10. Ngf3 Nh6 11. O-O Nf5 12. a3 Be7 13. Bxe7 Nxe7 14. b4 Nf5 15. a4 Qb6 16. a5 Qd8 17. a6 bxa6 18. Rxa6 Nxh4 19. Rxc6 Nf5 20. cxd5 Ne7 21. Rd6 Nxd5 22. Rxd5 exd5 23. e6 fxe6 24. Qg6+ Kf8 25. Ng5 Qe7 26. Nxe6+ Kg8 27. Nc7 Rf8 28. Nxd5 Qf7 29. Qd6 Nf6 30. Ne7+ Kh7 31. Qc5 Re8 0-1


[Site "https://www.chess.com"]

[Event "Titled Tuesday Blitz November 08 Early 2022"]
[White "Ter-Sahakyan, Samvel"]
[Black "Kravtsiv, Martyn"]
[WhiteFideId "13302531"]
[BlackFideId "14113147"]
[WhiteElo "2584"]
[BlackElo "2694"]
[Result "1/2-1/2"]
[Round "03"]
[TimeControl "180+1"]
[Date "2022.11.08"]
[WhiteClock "0:00:11"]
[BlackClock "0:00:07"]

1. d4 d5 2. c4 e6 3. Nf3 Nf6 4. g3 Bb4+ 5. Nbd2 O-O 6. Bg2 b6 7. O-O Bb7 8. Ne5 Be7 9. Nb1 Qc8 10. cxd5 Bxd5 11. Nf3 Rd8 12. Nc3 Bb7 13. Qc2 Nc6 14. Rd1 Nb4 15. Qb1 c5 16. Be3 h6 17. dxc5 Rxd1+ 18. Qxd1 Bxc5 19. Bxc5 Qxc5 20. Rc1 Qe7 21. a3 Nbd5 22. Nxd5 Bxd5 23. Ne5 Bxg2 24. Kxg2 Qb7+ 25. f3 Rc8 26. Rxc8+ Qxc8 27. Qd3 Qc7 28. Qd4 Kf8 29. Kf2 Nd5 30. h4 f6 31. Nd3 Kf7 32. h5 Qc2 33. Qe4 Ke7 34. Qg6 Kf8 35. Qg4 Qc6 36. Qe4 Qd6 37. Qd4 Qc7 38. Qe4 Qd6 39. Qc4 Qc7 40. Qxc7 Nxc7 41. e4 Ke7 42. Ke3 Kd6 43. f4 e5 44. Ne1 Ne6 45. Nf3 b5 46. Nh4 Nd4 47. Ng6 Nc2+ 48. Kd3 Nd4 49. Ke3 Nc2+ 50. Kd3 Nd4 51. Ke3 1/2-1/2


[Site "https://www.chess.com"]

[Event "Titled Tuesday Blitz November 08 Early 2022"]
[White "Terry, Renato"]
[Black "Kaasen, Tor Fredrik"]
[WhiteFideId "3803457"]
[BlackFideId "1516647"]
[WhiteElo "2577"]
[BlackElo "2345"]
[Result "1-0"]
[Round "03"]
[TimeControl "180+1"]
[Date "2022.11.08"]
[WhiteClock "0:01:19"]
[BlackClock "0:00:01"]

1. e4 e5 2. Nf3 Nc6 3. c3 d5 4. Qa4 f6 5. d3 Be6 6. Nbd2 Qd7 7. Be2 Bc5 8. b4 Bb6 9. exd5 Bxd5 10. c4 Bxf3 11. Nxf3 Nd4 12. Qxd7+ Kxd7 13. c5 Nc2+ 14. Kd2 Nxa1 15. Bb2 a5 16. cxb6 axb4 17. Rxa1 c5 18. a3 Ne7 19. axb4 Rxa1 20. Bxa1 Ra8 21. Bb2 cxb4 22. d4 e4 23. Bb5+ Kd6 24. Ne1 Nd5 25. Nc2 f5 26. Ne3 Nxb6 27. Nxf5+ Ke6 28. Ne3 Ra5 29. Be2 Na4 30. Kc2 Nxb2 31. Kxb2 Ra3 32. Bc4+ Ke7 33. Bb3 Ra5 34. h4 g5 35. h5 g4 36. h6 g3 37. fxg3 Rh5 38. Bc2 Kd8 39. Bxe4 Rxh6 40. Bxb7 Rg6 41. g4 Kc7 42. Bf3 Re6 43. Nd5+ Kd6 44. Nxb4 Re1 45. Kc3 Rc1+ 46. Kd2 Ra1 47. Nd3 Ra2+ 48. Ke3 Ra3 49. Ke4 h6 50. Ne5 Ra1 51. Nf7+ Ke7 52. Nxh6 Kf6 53. Nf5 Re1+ 54. Ne3 Ra1 55. Kf4 Ra4 56. g5+ Ke6 57. Nf5 Ra5 58. d5+ Kf7 59. Bh5+ Kf8 60. d6 Ra4+ 61. Ke5 Ra8 62. Ke6 Kg8 63. Bf7+ Kh7 64. g6+ Kh8 65. g7+ Kh7 66. g8=Q+ Rxg8 67. Bxg8+ 1-0


[Site "https://www.chess.com"]

[Event "Titled Tuesday Blitz November 08 Early 2022"]
[White "Terzi, Alexei"]
[Black "Roux, Baptiste"]
[WhiteFideId "13505076"]
[BlackFideId "36017450"]
[WhiteElo "2172"]
[BlackElo "2077"]
[Result "1-0"]
[Round "03"]
[TimeControl "180+1"]
[Date "2022.11.09"]
[WhiteClock "0:00:32"]
[BlackClock "0:00:03"]

1. e4 e5 2. Nf3 Nc6 3. Bb5 g6 4. O-O Bg7 5. c3 Nge7 6. d4 O-O 7. d5 Nb8 8. d6 cxd6 9. Qxd6 a6 10. Ba4 b5 11. Bb3 Bb7 12. Bg5 Nbc6 13. Rd1 h6 14. Bf6 Bxf6 15. Qxf6 Na5 16. Nxe5 Nxb3 17. axb3 d5 18. Ng4 Kh7 19. Ne3 Ng8 20. Qxd8 Rfxd8 21. exd5 Nf6 22. c4 Rac8 23. Nc3 bxc4 24. bxc4 Nd7 25. Na4 f5 26. f4 Re8 27. Kf2 Nf6 28. Nc3 Ne4+ 29. Nxe4 Rxe4 30. g3 Rce8 31. Rd3 g5 32. Kf3 gxf4 33. gxf4 Bc8 34. c5 Rb4 35. c6 Rd8 36. d6 Rb6 37. d7 Bxd7 38. cxd7 Rb7 39. Rxa6 Rbxd7 40. Rxd7+ Rxd7 41. Nxf5 Rd3+ 42. Ne3 Rd2 43. b4 Rxh2 44. b5 Rb2 45. b6 Rb4 46. Nd5 Kg6 47. Nxb4 1-0


[Site "https://www.chess.com"]

[Event "Titled Tuesday Blitz November 08 Early 2022"]
[White "Tharushi, T H D Niklesha"]
[Black "Rudzinska, Michalina"]
[WhiteFideId "9918264"]
[BlackFideId "1172883"]
[WhiteElo "1596"]
[BlackElo "2207"]
[Result "1-0"]
[Round "03"]
[TimeControl "180+1"]
[Date "2022.11.09"]
[WhiteClock "0:01:36"]
[BlackClock "0:00:17"]

1. e4 c6 2. d4 d5 3. e5 Bf5 4. Bd3 Bxd3 5. Qxd3 e6 6. Nd2 a6 7. Ne2 c5 8. c3 Nc6 9. Nf3 Nge7 10. Bg5 Rc8 11. O-O Qb6 12. dxc5 Qxc5 13. b4 Qb5 14. Qxb5 axb5 15. a4 bxa4 16. Bxe7 Bxe7 17. Rxa4 Bf8 18. Ned4 Nb8 19. Nb5 Nd7 20. Ra7 Nb6 21. Rxb7 Nc4 22. Ra1 g6 23. Raa7 d4 24. Nbxd4 Nb2 25. Ng5 Rxc3 26. Rb8+ Rc8 27. Rxc8# 1-0


[Site "https://www.chess.com"]

[Event "Titled Tuesday Blitz November 08 Early 2022"]
[White "Thiel, Thomas"]
[Black "Goldin, Roman"]
[WhiteFideId "4615964"]
[BlackFideId "2803860"]
[WhiteElo "2215"]
[BlackElo "2312"]
[Result "0-1"]
[Round "03"]
[TimeControl "180+1"]
[Date "2022.11.09"]
[WhiteClock "0:01:02"]
[BlackClock "0:01:42"]

1. e4 Nc6 2. Nf3 e5 3. d4 exd4 4. Nxd4 g6 5. Nc3 Bg7 6. Be3 Nf6 7. f3 O-O 8. Bc4 Re8 9. O-O d5 10. Nxd5 Nxd5 11. Bxd5 Nxd4 12. Bxd4 Bxd4+ 13. Qxd4 c6 14. c4 cxd5 15. cxd5 Qd6 16. Rac1 Bd7 17. f4 Rac8 18. e5 Qb6 19. Qxb6 axb6 20. Kf2 Rc5 21. Rxc5 bxc5 22. Rc1 Rc8 23. Ke3 b5 24. b3 Kf8 25. h3 Ke7 26. g4 h5 27. Kf3 hxg4+ 28. hxg4 c4 29. bxc4 bxc4 30. g5 c3 31. Ke3 Bf5 32. Rh1 c2 33. Kd2 Ra8 34. Ra1 Ra4 35. a3 Kd7 36. Kc3 Rxa3+ 0-1


[Site "https://www.chess.com"]

[Event "Titled Tuesday Blitz November 08 Early 2022"]
[White "Tleptsok, Ruslan"]
[Black "Galperin, Platon"]
[WhiteFideId "24104485"]
[BlackFideId "14165414"]
[WhiteElo "2130"]
[BlackElo "2435"]
[Result "1-0"]
[Round "03"]
[TimeControl "180+1"]
[Date "2022.11.09"]
[WhiteClock "0:01:30"]
[BlackClock "0:00:56"]

1. e4 g6 2. d4 d6 3. Nc3 Bg7 4. f4 Nf6 5. Nf3 O-O 6. e5 dxe5 7. f5 e4 8. Ne5 Bxf5 9. Be3 Nbd7 10. Nxd7 Qxd7 11. Be2 c6 12. O-O Nd5 13. Nxd5 cxd5 14. c3 Rac8 15. Qe1 Bg4 16. Bxg4 Qxg4 17. Rf4 Qd7 18. Qh4 f5 19. Rf2 b6 20. Raf1 e5 21. dxe5 Bxe5 22. g4 d4 23. cxd4 Bxd4 24. Qg3 f4 25. Rxf4 Rxf4 26. Qxf4 Bxe3+ 27. Qxe3 Qxg4+ 28. Kh1 Rc2 29. Qb3+ Kg7 30. Qxc2 Qh4 31. Qf2 Qh3 32. Qf8# 1-0


[Site "https://www.chess.com"]

[Event "Titled Tuesday Blitz November 08 Early 2022"]
[White "Tohirjonova, Hulkar"]
[Black "Simonovic, Miroslav"]
[WhiteFideId "14202247"]
[BlackFideId "919152"]
[WhiteElo "2144"]
[BlackElo "2043"]
[Result "0-1"]
[Round "03"]
[TimeControl "180+1"]
[Date "2022.11.09"]
[WhiteClock "0:00:15"]
[BlackClock "0:00:18"]

1. e4 c5 2. Nf3 Nc6 3. d4 cxd4 4. Nxd4 a6 5. Nc3 e5 6. Nb3 Nf6 7. Be2 Be7 8. O-O O-O 9. f4 d6 10. Kh1 exf4 11. Rxf4 Be6 12. Be3 d5 13. exd5 Nxd5 14. Nxd5 Bxd5 15. Rf1 Bg5 16. Bc5 Be7 17. Bf3 Bxf3 18. Qxf3 Qc7 19. Bxe7 Nxe7 20. c3 Rad8 21. Nd4 Nc6 22. Rad1 Nxd4 23. Rxd4 Rxd4 24. cxd4 Rd8 25. d5 f6 26. h3 Qe5 27. Rd1 h5 28. Qb3 Rd7 29. d6+ Kh8 30. Qb4 b5 31. a4 Kh7 32. a5 g5 33. b3 Kg6 34. Qd2 g4 35. hxg4 hxg4 36. Qd3+ Qf5 37. Qd4 g3 38. Kg1 Kg5 39. Rf1 Qe5 40. Qd2+ Kg6 41. Qd3+ Kg7 42. Rd1 Qc5+ 43. Qd4 Qxd4+ 44. Rxd4 Kf7 45. Kf1 Ke6 46. Ke2 Rxd6 47. Rxd6+ Kxd6 48. Kf3 Kc5 49. Kxg3 Kb4 50. Kf4 Kxb3 51. Kf5 Kc2 52. Kxf6 b4 53. g4 b3 54. g5 b2 55. g6 b1=Q 56. g7 Qf1+ 57. Kg6 Qg2+ 58. Kh7 Qh3+ 59. Kg8 Kb3 60. Kf8 Qf5+ 61. Ke8 Qg6+ 62. Kf8 Qf6+ 63. Kg8 Kb4 64. Kh8 Kxa5 65. Kh7 Qxg7+ 66. Kxg7 Kb4 0-1


[Site "https://www.chess.com"]

[Event "Titled Tuesday Blitz November 08 Early 2022"]
[White "Tokhirjonova, Gulrukhbegim"]
[Black "Kovalenko, Igor"]
[WhiteFideId "14203626"]
[BlackFideId "14117908"]
[WhiteElo "2236"]
[BlackElo "2574"]
[Result "1/2-1/2"]
[Round "03"]
[TimeControl "180+1"]
[Date "2022.11.09"]
[WhiteClock "0:00:11"]
[BlackClock "0:00:59"]

1. e4 e6 2. d4 d5 3. Nd2 Nf6 4. e5 Nfd7 5. f4 c5 6. c3 b6 7. Ngf3 a5 8. a4 Be7 9. Bb5 Ba6 10. O-O Bxb5 11. axb5 g6 12. Kh1 h5 13. c4 dxc4 14. Nxc4 cxd4 15. Nxd4 Nc5 16. Be3 Ra7 17. b4 Rd7 18. bxa5 bxa5 19. Nxa5 O-O 20. Nc4 Rd5 21. Ra8 Qc7 22. b6 Qc8 23. Qb1 Rfd8 24. Nb5 Nb7 25. Nc7 Rd3 26. Bg1 Qd7 27. Nd6 Rxd6 28. exd6 Bxd6 29. Rd1 Qc6 30. Qb5 Qc2 31. Qd3 Qc6 32. Qf3 Qxf3 33. gxf3 Kf8 34. Kg2 Ke7 35. Bf2 Kd7 36. Bh4 Rc8 37. Nb5 Rc2+ 38. Kg3 Nc6 39. Nxd6 Nxd6 40. b7 Rb2 41. b8=Q Rxb8 42. Rxb8 Nxb8 43. Bf6 Kc6 44. Be5 Nf5+ 45. Kf2 Nd7 46. Rc1+ Kb6 47. Rb1+ Kc6 48. Rd1 Nb6 49. Ra1 Nd5 50. Ra7 f6 51. Bb2 Nxf4 52. Bxf6 Nd3+ 53. Ke2 Nf4+ 54. Kf2 Nh3+ 55. Kg2 Nf4+ 56. Kf2 1/2-1/2


[Site "https://www.chess.com"]

[Event "Titled Tuesday Blitz November 08 Early 2022"]
[White "Topalov, Aleksandar"]
[Black "Aaditya Dhingra"]
[WhiteFideId "925659"]
[BlackFideId "25678191"]
[WhiteElo "2179"]
[BlackElo "2054"]
[Result "0-1"]
[Round "03"]
[TimeControl "180+1"]
[Date "2022.11.09"]
[WhiteClock "0:00:07"]
[BlackClock "0:00:09"]

1. b3 Nf6 2. Bb2 g6 3. Bxf6 exf6 4. c4 Bg7 5. Nc3 O-O 6. e3 f5 7. Nge2 b6 8. Rc1 Bb7 9. Nd5 c6 10. Ndc3 d5 11. cxd5 cxd5 12. d4 Re8 13. g3 Nd7 14. Bg2 Nf6 15. O-O Ne4 16. Qd3 Rc8 17. Nxe4 fxe4 18. Qb5 Qd6 19. Bh3 f5 20. Nf4 Bf8 21. g4 a6 22. Qe2 Bh6 23. gxf5 Bxf4 24. exf4 Qxf4 25. Rxc8 Bxc8 26. Qe3 Qxe3 27. fxe3 Rf8 28. fxg6 Rxf1+ 29. Bxf1 hxg6 30. Kf2 Kg7 31. Kg3 Kf6 32. h4 g5 33. b4 a5 34. a3 Bd7 35. h5 Kg7 36. Be2 Kh6 37. bxa5 bxa5 38. Bd1 Be6 39. Be2 Bf7 40. Bb5 Kxh5 41. Bd7 Kh6 42. Kg4 Kg6 43. Bf5+ Kf6 44. Bd7 Bg8 45. Bc8 Bf7 46. Bd7 Bg6 47. Bc8 Be8 48. Bf5 Bh5+ 49. Kxh5 Kxf5 50. a4 Kf6 51. Kg4 Kg6 52. Kh3 Kh5 53. Kg3 g4 0-1


[Site "https://www.chess.com"]

[Event "Titled Tuesday Blitz November 08 Early 2022"]
[White "Trifan, Andrei Ioan"]
[Black "Bongo Akanga Ndjila, Barthelemy"]
[WhiteFideId "12967068"]
[BlackFideId "10609431"]
[WhiteElo "2208"]
[BlackElo "1768"]
[Result "1-0"]
[Round "03"]
[TimeControl "180+1"]
[Date "2022.11.09"]
[WhiteClock "0:01:32"]
[BlackClock "0:01:16"]

1. e4 c6 2. c4 d5 3. exd5 cxd5 4. cxd5 Nf6 5. Nc3 Nxd5 6. Nf3 Nc6 7. Bb5 e6 8. O-O Be7 9. d4 O-O 10. Re1 Bf6 11. Bxc6 bxc6 12. Ne5 Qc7 13. Qh5 g6 14. Qh3 Bg7 15. Ne4 f6 16. Nd3 e5 17. Qg3 f5 18. Nc3 f4 19. Qf3 exd4 20. Nxd5 cxd5 21. Qxd5+ Kh8 22. Qxa8 Bb7 23. Qxa7 Qc6 24. f3 Ba6 25. Nb4 Qb5 26. Nxa6 Qa5 27. b4 Qb5 28. a4 Qc4 29. Bb2 Qb3 30. Bxd4 1-0


[Site "https://www.chess.com"]

[Event "Titled Tuesday Blitz November 08 Early 2022"]
[White "Troltenier, Dirk"]
[Black "Pajeken, Jakob Leon"]
[WhiteFideId "4606400"]
[BlackFideId "12942839"]
[WhiteElo "2317"]
[BlackElo "2429"]
[Result "0-1"]
[Round "03"]
[TimeControl "180+1"]
[Date "2022.11.09"]
[WhiteClock "0:00:38"]
[BlackClock "0:01:52"]

1. e4 e5 2. Nf3 Nc6 3. Bc4 Bc5 4. O-O Nf6 5. Nc3 a6 6. d3 d6 7. Bg5 h6 8. Be3 Bxe3 9. fxe3 Ne7 10. Qe1 Ng6 11. Nh4 Qe7 12. Nxg6 fxg6 13. Qg3 g5 14. Nd5 Nxd5 15. Bxd5 c6 16. Bf7+ Kd8 17. Bb3 Be6 18. Bxe6 Qxe6 19. Rf5 Ke7 20. Qf3 Raf8 21. Rxf8 Rxf8 22. Qe2 c5 23. b3 Rf6 24. a4 Qf7 25. Rf1 Rxf1+ 26. Qxf1 Qxf1+ 27. Kxf1 Kd7 28. Kf2 Kc6 29. g4 b5 30. axb5+ Kxb5 31. c3 a5 32. Ke2 a4 33. bxa4+ Kxa4 34. Kd1 Kb3 35. Kd2 Kb2 36. d4 c4 37. h3 g6 38. d5 Kb3 0-1


[Site "https://www.chess.com"]

[Event "Titled Tuesday Blitz November 08 Early 2022"]
[White "Urazayev, Arystanbek"]
[Black "Concio, Michael Jr."]
[WhiteFideId "13709810"]
[BlackFideId "5217873"]
[WhiteElo "2441"]
[BlackElo "2236"]
[Result "1-0"]
[Round "03"]
[TimeControl "180+1"]
[Date "2022.11.08"]
[WhiteClock "0:00:57"]
[BlackClock "0:00:01"]

1. d4 Nf6 2. c4 e6 3. Nf3 Bb4+ 4. Nc3 d5 5. Qa4+ Nc6 6. a3 Be7 7. Bf4 O-O 8. e3 a6 9. Qc2 h6 10. Rd1 Na5 11. c5 b6 12. Ne5 Bb7 13. b4 Nc6 14. Be2 b5 15. O-O Nxe5 16. dxe5 Ne8 17. e4 c6 18. exd5 exd5 19. Ne4 Bc8 20. Nd6 Nc7 21. Bg3 a5 22. f4 axb4 23. axb4 Ra4 24. f5 Bg5 25. Qc3 Na6 26. Rd4 Be7 27. Bh5 Bxd6 28. cxd6 Qg5 29. Bd1 c5 30. Rg4 cxb4 31. Qe1 Qc1 32. Bxa4 Qxe1 33. Bxe1 bxa4 34. Bxb4 Re8 35. e6 fxe6 36. f6 Rf8 37. Rxg7+ Kh8 38. Bc3 a3 39. f7 1-0


[Site "https://www.chess.com"]